 Dungeon Sprint DCSS version 0.17-a0-1262-gd250d98 (webtiles) character file.

9124 Kidiri the Fighter (level 11, -10/98 HPs)
             Began as a Demonspawn Gladiator on June 6, 2015.
             Was the Champion of Jiyva.
             Mangled by Qyeghycza the pandemonium lord (34 damage)
             ... in the Dungeon (Sprint V: "Ziggurat Sprint").
             The game lasted 00:15:12 (752 turns).

Kidiri the Fighter (Demonspawn Gladiator)            Turns: 752, Time: 00:15:12

Health: -10/98     AC: 12    Str: 37    XL:     11   Next: 18%
Magic:  11/11      EV: 20    Int:  9    God:    Jiyva [******]
Gold:   0          SH:  0    Dex: 23    Spells: 0 memorised, 10 levels left

rFire  . . .     SeeInvis .     H - +14 plutonium sword {*Contam Stlth-}
rCold  . . .     Clarity  +     F - +15 Maxwell's patent armour {-Cast -Tele rElec MR+ rCorr}
rNeg   . . .     SustAt   .     (no shield)
rPois  .         Gourm    .     (helmet restricted)
rElec  +         Spirit   .     (no cloak)
rCorr  +         Warding  .     L - +2 pair of gloves {archery}
rMut   .         NoTele   +     (no boots)
MR     ++...     NoCast   +     x - amulet of Itis {rCorr rC- Dex+6}
Stlth  ..........               E - +6 ring of strength
                                D - +6 ring of strength

@: mighty, corroded equipment, very resistant to hostile enchantments, extremely
unstealthy
A: claws 2, hooves 1, horns 2, agile 1, clarity, cold resistance 1, deformed
body, magic resistance 1, mutation resistance 1, powered by pain 2, strong 1,
acidic bite, eyeballs 1, pseudopods 1, translucent skin 2
a: Request Jelly, Jelly Paralyse, Slimify, Cure Bad Mutation, Renounce Religion


You were in the Dungeon.
You worshipped Jiyva.
Jiyva was exalted by your worship.
You were completely stuffed.

You visited 1 branch

Inventory:

Hand weapons
 a - a +0 long sword
 H - the +14 plutonium sword (weapon) {*Contam Stlth-}
   (You found it in the Dungeon)

   It causes magical contamination when unequipped.
   It makes you less stealthy.
Missiles
 d - 4 throwing nets (quivered)
Armour
 F - the +15 Maxwell's patent armour (worn) {-Cast -Tele rElec MR+ rCorr}
   (You found it in the Dungeon)

   It insulates you from electricity.
   It affects your resistance to hostile enchantments.
   It prevents spellcasting.
   It prevents most forms of teleportation.
   It protects you from acid and corrosion.
 L - a +2 pair of gloves of archery (worn)
Jewellery
 x - the amulet of Itis (around neck) {rCorr rC- Dex+6}
   (You found it in the Dungeon)

   [amulet of resist corrosion]

   It protects you from acid and corrosion.
   It affects your dexterity (+6).
   It makes you vulnerable to cold.
 D - a +6 ring of strength (left hand)
 E - a +6 ring of strength (right hand)
Magical devices
 b - a wand of disintegration (7)
 G - a wand of fire (5)
 I - a wand of cold (5)
 J - a wand of draining (5)
Scrolls
 k - 4 scrolls of blinking
 r - 4 scrolls of amnesia
 s - 3 scrolls of recharging
 t - 7 scrolls of fog
 u - 5 scrolls of identify
 v - 5 scrolls of remove curse
 w - 2 scrolls of fear
Potions
 f - 10 potions of curing
 g - 9 potions of heal wounds
 h - 6 potions of haste
 i - 7 potions of magic
 j - 3 potions of berserk rage
 l - 2 potions of brilliance
 m - 2 potions of invisibility
 n - 4 potions of resistance
 p - 5 potions of agility
 q - 5 potions of might


   Skills:
 * Level 13.5 Fighting
 * Level 12.6 Long Blades
 + Level 9.1 Throwing
 + Level 8.8 Armour
 * Level 12.6 Dodging


You had 10 spell levels left.
You didn't know any spells.

Dungeon Overview and Level Annotations

Branches:
Dungeon (1/1)

Altars:
Ashenzari
Cheibriados
Dithmenos
Elyvilon
Fedhas
Gozag
Kikubaaqudgha
Makhleb
Nemelex Xobeh
Okawaru
Qazlal
Ru
Sif Muna
Trog
Vehumet
Xom
Yredelemnul
Zin
The Shining One
Beogh
Jiyva
Lugonu


Innate Abilities, Weirdness & Mutations

You have very sharp fingernails.
You have large cloven feet.
You have a pair of horns on your head.
You sometimes gain power by taking damage.
You are agile. (Dex +2)
You possess an exceptional clarity of mind.
Your flesh is cold resistant.
Armour fits poorly on your strangely shaped body.
You are resistant to hostile enchantments.
You are somewhat resistant to further mutation.
Your muscles are strong. (Str +2)
You have acidic saliva.
Your body is partially covered in golden eyeballs (Acc +3).
Armour fits poorly on your pseudopods.
Your skin is mostly translucent (Stealth, -foe acc).


Message History

Drink which item? (? for menu, Esc to quit)
You feel much better. Qyeghycza hits you but does no damage.
The blue devil barely misses you.
Your death ooze misses Qyeghycza.
Your death ooze hits Qyeghycza but does no damage.
The hell rat closely misses you.
You hear a distant slurping noise.
Jiyva appreciates your sacrifice.
You feel a little less hungry.
You feel a little better.
You hear a squelching noise.
The demonic crawler completely misses you.
The demonic crawler misses you.
The demonic crawler completely misses you.
The gelid chaos champion hits you with a dire flail!!
* * * LOW HITPOINT WARNING * * *
You shudder from the blow and a jelly pops out!
The rust devil barely misses your death ooze.
Uttebroz hits you but does no damage.
Qyeghycza sneers, "Disclaim thyself, thou pandering weevil-witted urchin!"
Qyeghycza hits you!!
You die...

▓..))†...▓.
▓....8©8....▓...)....▓.
▓..}[?)".)..▓.▓....▓.▓.
▓...=|=:)}..▓........▓.
▓...........▓▓▓▓▓▓▓▓▓▓▓
▓....&4.....▓...8©8...▓
▓...2234r...▓...[=....▓
▓...4s&66r..▓.........▓
▓...s4@&s...▓.........▓
▓..▓.rJ4.▓..▓......G..▓
▓....J......▓.........▓
▓...........▓.........▓
▓▓▓▓▓▓▓▓▓▓▓▓▓.▓.....▓.▓
▓....8©8....▓....G....▓
▓..)}.}[):..▓▓▓▓▓▓▓▓▓▓▓
▓...[).})...▓...8©8...▓
▓.....J.....▓..)}|J...▓


You could see Bailot, Qyeghycza, Uttebroz, a cacodemon, a gelid chaos champion,
a soul eater, 2 demonic crawlers, a gelid demonspawn, a hellwing, 2 rust devils,
a hellion, a blue devil, a red devil, a redback, 3 hell rats and 2 friendly
death oozes.

Vanquished Creatures
  2 hydras (D)
  2 naga magi (D)
  A black mamba (D)
  A komodo dragon (D)
  A fire drake (D)
  2 merfolk (D)
  2 trolls (shapeshifter) (D)
  A redback (D)
  A blink frog (D)
  A tarantella (shapeshifter) (D)
  A basilisk (D)
  A yak (D)
  A neqoxec (D)
  A wolf (D)
  A wyvern (D)
  3 hippogriffs (D)
  2 nagas (D)
  A soldier ant (shapeshifter) (D)
  4 water moccasins (D)
  2 porcupines (D)
  A wasp (D)
  2 necrophages (D)
  A sky beast (D)
  2 phantoms (D)
  7 crocodiles (D)
  A giant frog (D)
  4 scorpions (D)
  A wight (D)
  An iron imp (D)
  An orc wizard (D)
  2 iguanas (D)
  2 sheep (D)
  An adder (D)
  3 river rats (D)
  A shadow imp (D)
  An adder skeleton (D)
  3 adder zombies (D)
  3 orcs (D)
  A ball python (D)
  A bat zombie (D)
  A ball python zombie (D)
71 creatures vanquished.

Vanquished Creatures (collateral kills)
  A boulder beetle (D)
  A water moccasin (D)
  A crocodile (D)
  A river rat (D)
4 creatures vanquished.

Vanquished Creatures (others)
  6 jellies (D)
6 creatures vanquished.

Grand Total: 81 creatures vanquished

Notes
Turn   | Place    | Note
--------------------------------------------------------------
     0 | D        | Kidiri the Demonspawn Gladiator began the quest for the Orb.
     0 | D        | Reached XP level 1. HP: 16/16 MP: 1/1
     0 | D        | Found a roughly hewn altar of Beogh.
     0 | D        | Found a viscous altar of Jiyva.
     0 | D        | Found a corrupted altar of Lugonu.
     0 | D        | Found a white marble altar of Elyvilon.
     0 | D        | Found a sparkling altar of Nemelex Xobeh.
     1 | D        | Found a burning altar of Makhleb.
     1 | D        | Found an iron altar of Okawaru.
     1 | D        | Found a deep blue altar of Sif Muna.
     1 | D        | Found a radiant altar of Vehumet.
     1 | D        | Found a bloodstained altar of Trog.
     1 | D        | Found a shimmering altar of Xom.
    81 | D        | Gained mutation: You are weak. (Str -2) [mutagenic glow]
   174 | D        | Gained mutation: Scrolls take you a little longer to read. [mutagenic glow]
   302 | D        | Became a worshipper of Jiyva Japheih the Shapeless
   308 | D        | Acquired Jiyva's first power
   308 | D        | Acquired Jiyva's second power
   320 | D        | Acquired Jiyva's third power
   320 | D        | Lost mutation: Scrolls take you a little longer to read. [Jiyva's grace]
   325 | D        | Lost mutation: You are weak. (Str -2) [Jiyva's grace]
   325 | D        | Acquired Jiyva's fourth power
   325 | D        | Gained mutation: Scrolls take you a little longer to read. [Jiyva's grace]
   325 | D        | Gained mutation: You have a pair of small horns on your head. [Jiyva's grace]
   327 | D        | Gained mutation: You are covered in slimy tendrils that may disarm your opponents. [Jiyva's grace]
   327 | D        | Lost mutation: Scrolls take you a little longer to read. [Jiyva's grace]
   330 | D        | Gained mutation: Your rubbery body absorbs attacks (AC +1). [Jiyva's grace]
   330 | D        | Gained mutation: You are resistant to hostile enchantments. [Jiyva's grace]
   330 | D        | Gained mutation: You have acidic saliva. [Jiyva's grace]
   330 | D        | Gained mutation: You are covered in fur (AC +1). [Jiyva's grace]
   330 | D        | Gained mutation: You have a pair of horns on your head. [Jiyva's grace]
   331 | D        | Gained mutation: Your spells are a little harder to cast, but a little more powerful. [Jiyva's grace]
   331 | D        | Gained mutation: Your pliable body absorbs attacks (AC +1, EV +1). [Jiyva's grace]
   332 | D        | Lost mutation: Your spells are a little harder to cast, but a little more powerful. [Jiyva's grace]
   332 | D        | Gained mutation: Armour fits poorly on your pseudopods. [Jiyva's grace]
   334 | D        | Entered arena 1.
   334 | D        | Noticed an iron imp
   334 | D        | Gained mutation: You have a small jelly attached to you that may absorb incoming projectiles. [Jiyva's grace]
   334 | D        | Gained mutation: You possess an exceptional clarity of mind. [Jiyva's grace]
   334 | D        | Gained mutation: Your body is partially covered in golden eyeballs (Acc +3). [Jiyva's grace]
   334 | D        | Lost mutation: You possess an exceptional clarity of mind. [Jiyva's grace]
   336 | D        | Lost mutation: You are resistant to hostile enchantments. [Jiyva's grace]
   336 | D        | Gained mutation: You occasionally shout uncontrollably at your foes. [Jiyva's grace]
   336 | D        | Lost mutation: You occasionally shout uncontrollably at your foes. [Jiyva's grace]
   337 | D        | Gained mutation: You have sharp fingernails. [Jiyva's grace]
   337 | D        | Gained mutation: You are robust (+10% HP). [Jiyva's grace]
   337 | D        | Gained mutation: You are resistant to electric shocks. [Jiyva's grace]
   337 | D        | Lost mutation: You have sharp fingernails. [Jiyva's grace]
   337 | D        | Gained mutation: Your natural rate of healing is unusually fast. [Jiyva's grace]
   337 | D        | Gained mutation: Your system is resistant to poisons. [Jiyva's grace]
   337 | D        | Gained mutation: Your flesh is heat resistant. [Jiyva's grace]
   337 | D        | Lost mutation: Your body is partially covered in golden eyeballs (Acc +3). [Jiyva's grace]
   337 | D        | Lost mutation: You are covered in fur (AC +1). [Jiyva's grace]
   337 | D        | Lost mutation: Your system is resistant to poisons. [Jiyva's grace]
   338 | D        | Killed an iron imp
   338 | D        | Reached skill level 3 in Fighting
   338 | D        | Reached skill level 1 in Armour
   338 | D        | Gained mutation: You sometimes gain a little power by taking damage. [demonic ancestry]
   338 | D        | Reached XP level 2. HP: 23/26 MP: 2/2
   338 | D        | Gained mutation: You have a pair of large horns on your head. [demonic ancestry]
   338 | D        | Reached XP level 3. HP: 27/31 MP: 3/3
   338 | D        | Lost mutation: You are robust (+10% HP). [Jiyva's grace]
   339 | D        | Lost mutation: Your flesh is heat resistant. [Jiyva's grace]
   340 | D        | Reached skill level 4 in Long Blades
   344 | D        | Gained mutation: You are resistant to hostile enchantments. [Jiyva's grace]
   348 | D        | Entered arena 2.
   348 | D        | Noticed a water moccasin
   348 | D        | Noticed a water moccasin
   351 | D        | Gained mutation: Your gelatinous body deflects attacks (AC +2, EV +2). [Jiyva's grace]
   351 | D        | Lost mutation: Armour fits poorly on your pseudopods. [Jiyva's grace]
   351 | D        | Lost mutation: Your gelatinous body deflects attacks (AC +2, EV +2). [Jiyva's grace]
   352 | D        | Killed a water moccasin
   352 | D        | Reached skill level 5 in Fighting
   352 | D        | Reached skill level 5 in Long Blades
   352 | D        | Reached skill level 5 in Dodging
   352 | D        | Reached XP level 4. HP: 34/39 MP: 4/4
   352 | D        | Gained mutation: You sometimes gain power by taking damage. [demonic ancestry]
   352 | D        | Reached XP level 5. HP: 38/44 MP: 5/5
   355 | D        | Killed a water moccasin
   355 | D        | Reached skill level 6 in Fighting
   356 | D        | Lost mutation: You have a pair of large horns on your head. [Jiyva's grace]
   359 | D        | Gained mutation: You have a pair of large horns on your head. [Jiyva's grace]
   362 | D        | Entered arena 3.
   362 | D        | Noticed a scorpion
   362 | D        | Noticed a scorpion
   362 | D        | Noticed a scorpion
   362 | D        | Noticed a scorpion
   364 | D        | Lost mutation: You have a pair of large horns on your head. [Jiyva's grace]
   364 | D        | Lost mutation: You are resistant to electric shocks. [Jiyva's grace]
   365 | D        | Killed a scorpion
   365 | D        | Gained mutation: You have a pair of large horns on your head. [demonic ancestry]
   365 | D        | Reached XP level 6. HP: 53/53 MP: 6/6
   365 | D        | Gained mutation: Your skin is partially translucent (Stealth, -foe acc). [Jiyva's grace]
   367 | D        | Killed a scorpion
   367 | D        | Reached skill level 7 in Fighting
   367 | D        | Lost mutation: Your natural rate of healing is unusually fast. [Jiyva's grace]
   368 | D        | Killed a scorpion
   368 | D        | Gained mutation: You are robust (+10% HP). [Jiyva's grace]
   369 | D        | Lost mutation: You are robust (+10% HP). [Jiyva's grace]
   370 | D        | Killed a scorpion
   371 | D        | Lost mutation: You are resistant to hostile enchantments. [Jiyva's grace]
   375 | D        | Gained mutation: You can spit weak poison. [Jiyva's grace]
   380 | D        | Gained mutation: Your system is resistant to poisons. [Jiyva's grace]
   380 | D        | Lost mutation: You can spit weak poison. [Jiyva's grace]
   381 | D        | Entered arena 4.
   381 | D        | Noticed an orc wizard
   383 | D        | Lost mutation: You have a pair of large horns on your head. [Jiyva's grace]
   384 | D        | Killed an orc wizard
   384 | D        | Gained mutation: You have large cloven feet. [Jiyva's grace]
   385 | D        | Gained mutation: You are agile. (Dex +2) [Jiyva's grace]
   388 | D        | Lost mutation: You have a small jelly attached to you that may absorb incoming projectiles. [Jiyva's grace]
   389 | D        | Reached skill level 5 in Throwing
   389 | D        | Lost mutation: Your pliable body absorbs attacks (AC +1, EV +1). [Jiyva's grace]
   390 | D        | Gained mutation: You are very agile. (Dex +4) [Jiyva's grace]
   397 | D        | Gained mutation: Your flesh is heat resistant. [Jiyva's grace]
   401 | D        | Gained mutation: You have a small jelly attached to you that senses nearby items. [Jiyva's grace]
   405 | D        | Entered arena 5.
   405 | D        | Noticed a necrophage
   405 | D        | Noticed a phantom
   405 | D        | Lost mutation: Your system is resistant to poisons. [Jiyva's grace]
   406 | D        | Gained mutation: You are robust (+10% HP). [Jiyva's grace]
   407 | D        | Lost mutation: You have acidic saliva. [Jiyva's grace]
   409 | D        | Killed a necrophage
   409 | D        | Reached skill level 8 in Fighting
   409 | D        | Gained mutation: You have sharp fingernails. [demonic ancestry]
   409 | D        | Reached XP level 7. HP: 68/68 MP: 7/7
   409 | D        | Lost mutation: Your skin is partially translucent (Stealth, -foe acc). [Jiyva's grace]
   410 | D        | Gained mutation: You tend to lose your temper in combat. [Jiyva's grace]
   411 | D        | Lost mutation: You are very agile. (Dex +4) [Jiyva's grace]
   413 | D        | Gained mutation: Your body is partially covered in golden eyeballs (Acc +3). [Jiyva's grace]
   414 | D        | Killed a phantom
   414 | D        | Lost mutation: You are robust (+10% HP). [Jiyva's grace]
   414 | D        | Lost mutation: You are agile. (Dex +2) [Jiyva's grace]
   419 | D        | Gained mutation: You passively map a small area around you. [Jiyva's grace]
   425 | D        | Lost mutation: Your body is partially covered in golden eyeballs (Acc +3). [Jiyva's grace]
   431 | D        | Gained mutation: Your skin is partially translucent (Stealth, -foe acc). [Jiyva's grace]
   433 | D        | Entered arena 6.
   433 | D        | Noticed a necrophage
   433 | D        | Noticed a wight
   433 | D        | Noticed a phantom
   433 | D        | Lost mutation: You have a small jelly attached to you that senses nearby items. [Jiyva's grace]
   436 | D        | Gained mutation: Armour fits poorly on your pseudopods. [Jiyva's grace]
   438 | D        | Gained mutation: Armour fits poorly on your large pseudopods. [Jiyva's grace]
   440 | D        | Lost mutation: Your skin is partially translucent (Stealth, -foe acc). [Jiyva's grace]
   441 | D        | Lost mutation: Armour fits poorly on your large pseudopods. [Jiyva's grace]
   445 | D        | Lost mutation: You are covered in slimy tendrils that may disarm your opponents. [Jiyva's grace]
   445 | D        | Gained mutation: You are clumsy. (Dex -2) [mutagenic glow]
   448 | D        | Killed a wight
   448 | D        | Reached skill level 5 in Armour
   450 | D        | Gained mutation: Your body sometimes deteriorates upon taking damage. [Jiyva's grace]
   451 | D        | Killed a phantom
   452 | D        | Killed a necrophage
   455 | D        | Lost mutation: Armour fits poorly on your pseudopods. [Jiyva's grace]
   458 | D        | Gained mutation: You have a small jelly attached to you that senses nearby items. [Jiyva's grace]
   459 | D        | Lost mutation: Your flesh is heat resistant. [Jiyva's grace]
   461 | D        | Lost mutation: You tend to lose your temper in combat. [Jiyva's grace]
   463 | D        | Gained mutation: You tend to lose your temper in combat. [Jiyva's grace]
   467 | D        | Lost mutation: You tend to lose your temper in combat. [Jiyva's grace]
   471 | D        | Gained mutation: Your body is partially covered in golden eyeballs (Acc +3). [Jiyva's grace]
   474 | D        | Gained mutation: You possess an exceptional clarity of mind. [Jiyva's grace]
   474 | D        | Gained mutation: You are robust (+10% HP). [Jiyva's grace]
   476 | D        | Lost mutation: Your rubbery body absorbs attacks (AC +1). [Jiyva's grace]
   477 | D        | Entered arena 7.
   477 | D        | Noticed a merfolk
   477 | D        | Noticed a merfolk
   477 | D        | Noticed a hippogriff
   477 | D        | Noticed a merfolk
   477 | D        | Noticed a hippogriff
   477 | D        | Gained mutation: Your skin is partially translucent (Stealth, -foe acc). [Jiyva's grace]
   479 | D        | Lost mutation: You possess an exceptional clarity of mind. [Jiyva's grace]
   479 | D        | Gained mutation: You have hoof-like feet. [Jiyva's grace]
   479 | D        | Gained mutation: Your magical capacity is low (-10% MP). [mutagenic glow]
   481 | D        | Killed a hippogriff
   481 | D        | Reached skill level 9 in Fighting
   481 | D        | Lost mutation: You are clumsy. (Dex -2) [Jiyva's grace]
   481 | D        | Gained mutation: You possess an exceptional clarity of mind. [Jiyva's grace]
   482 | D        | Gained mutation: You can breathe flames. [Jiyva's grace]
   482 | D        | Gained mutation: You have acidic saliva. [Jiyva's grace]
   482 | D        | Lost mutation: Your skin is partially translucent (Stealth, -foe acc). [Jiyva's grace]
   482 | D        | Gained mutation: Your skin changes colour to match your surroundings (Stealth). [Jiyva's grace]
   483 | D        | Reached XP level 8. HP: 57/78 MP: 7/7
   484 | D        | Killed a merfolk
   484 | D        | Lost mutation: Your magical capacity is low (-10% MP). [Jiyva's grace]
   486 | D        | a merfolk changed into a redback
   487 | D        | Killed a hippogriff
   493 | D        | Gained mutation: You are dopey. (Int -2) [Jiyva's grace]
   494 | D        | Killed a merfolk
   494 | D        | Reached skill level 10 in Fighting
   499 | D        | Gained mutation: Your skin blends seamlessly with your surroundings (Stealth). [Jiyva's grace]
   499 | D        | Gained mutation: You are weak. (Str -2) [mutagenic glow]
   508 | D        | Lost mutation: You have acidic saliva. [Jiyva's grace]
   524 | D        | Lost mutation: You have a small jelly attached to you that senses nearby items. [Jiyva's grace]
   527 | D        | Reached skill level 10 in Long Blades
   527 | D        | Reached skill level 10 in Dodging
   527 | D        | Gained mutation: You have very sharp fingernails. [demonic ancestry]
   527 | D        | Reached XP level 9. HP: 83/86 MP: 9/9
   529 | D        | Lost mutation: You are robust (+10% HP). [Jiyva's grace]
   530 | D        | Entered arena 8.
   530 | D        | Noticed a shining eye
   530 | D        | Noticed a shining eye
   530 | D        | Noticed a neqoxec
   530 | D        | Noticed a troll
   530 | D        | Noticed a jumping spider
   530 | D        | Noticed a fire drake
   530 | D        | Noticed a tarantella
   530 | D        | a jumping spider changed into a troll
   531 | D        | Lost mutation: You are weak. (Str -2) [Jiyva's power]
   531 | D        | a fire drake changed into a soldier ant
   531 | D        | Lost mutation: Your skin blends seamlessly with your surroundings (Stealth). [Jiyva's grace]
   531 | D        | Lost mutation: Your skin changes colour to match your surroundings (Stealth). [Jiyva's grace]
   531 | D        | Gained mutation: Your skin is partially translucent (Stealth, -foe acc). [Jiyva's grace]
   532 | D        | Lost mutation: You are dopey. (Int -2) [Jiyva's power]
   532 | D        | Lost mutation: Your body sometimes deteriorates upon taking damage. [Jiyva's grace]
   532 | D        | Lost mutation: You possess an exceptional clarity of mind. [Jiyva's grace]
   534 | D        | Gained mutation: You have a small jelly attached to you that senses nearby items. [Jiyva's grace]
   535 | D        | Lost mutation: You passively map a small area around you. [Jiyva's grace]
   536 | D        | Killed a tarantella
   537 | D        | Gained mutation: You are weak. (Str -2) [Jiyva's grace]
   537 | D        | Gained mutation: Armour fits poorly on your pseudopods. [Jiyva's grace]
   537 | D        | Lost mutation: You are weak. (Str -2) [Jiyva's grace]
   539 | D        | Gained mutation: You are resistant to electric shocks. [Jiyva's grace]
   539 | D        | Gained mutation: Your skin is mostly translucent (Stealth, -foe acc). [Jiyva's grace]
   542 | D        | Reached skill level 11 in Fighting
   544 | D        | Killed a neqoxec
   544 | D        | Reached XP level 10. HP: 76/88 MP: 10/10
   544 | D        | Gained mutation: Your natural rate of healing is unusually fast. [Jiyva's grace]
   544 | D        | Lost mutation: Your skin is mostly translucent (Stealth, -foe acc). [Jiyva's grace]
   548 | D        | Gained mutation: You are somewhat resistant to further mutation. [Jiyva's grace]
   548 | D        | Gained mutation: Your system is resistant to poisons. [Jiyva's grace]
   549 | D        | Killed a troll
   549 | D        | Gained mutation: You are robust (+10% HP). [Jiyva's grace]
   551 | D        | Lost mutation: Your skin is partially translucent (Stealth, -foe acc). [Jiyva's grace]
   551 | D        | Gained mutation: You are weak. (Str -2) [Jiyva's grace]
   551 | D        | Lost mutation: You have hoof-like feet. [Jiyva's grace]
   551 | D        | Lost mutation: Your body is partially covered in golden eyeballs (Acc +3). [Jiyva's grace]
   551 | D        | Lost mutation: You are resistant to electric shocks. [Jiyva's grace]
   551 | D        | Lost mutation: You can breathe flames. [Jiyva's grace]
   552 | D        | Gained mutation: You have hoof-like feet. [Jiyva's grace]
   553 | D        | Lost mutation: You are somewhat resistant to further mutation. [Jiyva's grace]
   557 | D        | Lost mutation: You have hoof-like feet. [Jiyva's grace]
   558 | D        | Got the ring "Katz" {rPois MR+ Str+2 Int+2 Dex-5}
   558 | D        | Gained mutation: You occasionally shout uncontrollably at your foes. [Jiyva's grace]
   560 | D        | Lost mutation: You have large cloven feet. [Jiyva's grace]
   561 | D        | Gained mutation: Your spells are a little easier to cast, but a little less powerful. [Jiyva's grace]
   562 | D        | Entered arena 9.
   562 | D        | Noticed a black mamba
   562 | D        | Noticed a naga
   562 | D        | Noticed a naga
   562 | D        | Noticed a naga mage
   562 | D        | Noticed a naga mage
   562 | D        | Noticed a water moccasin
   562 | D        | Noticed a water moccasin
   562 | D        | Gained mutation: You possess an exceptional clarity of mind. [Jiyva's grace]
   563 | D        | Lost mutation: You possess an exceptional clarity of mind. [Jiyva's grace]
   564 | D        | Gained mutation: You are agile. (Dex +2) [Jiyva's grace]
   565 | D        | Killed a water moccasin
   565 | D        | Lost mutation: You are robust (+10% HP). [Jiyva's grace]
   566 | D        | Killed a black mamba
   569 | D        | Killed a naga
   570 | D        | Killed a naga mage
   572 | D        | Killed a naga mage
   572 | D        | Reached skill level 12 in Fighting
   574 | D        | Killed a naga
   574 | D        | Gained mutation: You have a small jelly attached to you that may absorb incoming projectiles. [Jiyva's grace]
   577 | D        | Lost mutation: Armour fits poorly on your pseudopods. [Jiyva's grace]
   578 | D        | Gained mutation: Your flesh is cold resistant. [Jiyva's grace]
   578 | D        | Gained mutation: Your flesh is very cold resistant. [Jiyva's grace]
   578 | D        | Lost mutation: You have a small jelly attached to you that senses nearby items. [Jiyva's grace]
   578 | D        | Gained mutation: You have acidic saliva. [Jiyva's grace]
   581 | D        | Lost mutation: You are weak. (Str -2) [Jiyva's grace]
   582 | D        | Killed a water moccasin
   592 | D        | Lost mutation: Your natural rate of healing is unusually fast. [Jiyva's grace]
   595 | D        | Got the ring "Wuic" {EV+6 Int-4 Dex+6}
   600 | D        | Lost mutation: You have acidic saliva. [Jiyva's grace]
   601 | D        | Gained mutation: You are covered in slimy tendrils that may disarm your opponents. [Jiyva's grace]
   607 | D        | Entered arena 10.
   607 | D        | Noticed a slime creature
   607 | D        | Noticed a jelly
   607 | D        | Noticed a slime creature
   607 | D        | Noticed a jelly
   607 | D        | Noticed a golden eye
   607 | D        | Noticed an eye of draining
   607 | D        | Noticed a jelly
   607 | D        | Gained mutation: Your skin is partially translucent (Stealth, -foe acc). [Jiyva's grace]
   607 | D        | Gained mutation: You possess an exceptional clarity of mind. [Jiyva's grace]
   607 | D        | Gained mutation: Your body is partially covered in golden eyeballs (Acc +3). [Jiyva's grace]
   607 | D        | Lost mutation: You occasionally shout uncontrollably at your foes. [Jiyva's grace]
   607 | D        | Gained mutation: You have acidic saliva. [Jiyva's grace]
   608 | D        | Lost mutation: You are covered in slimy tendrils that may disarm your opponents. [Jiyva's grace]
   609 | D        | Gained mutation: You tend to lose your temper in combat. [Jiyva's grace]
   610 | D        | Gained mutation: Your rubbery body absorbs attacks (AC +1). [Jiyva's grace]
   612 | D        | Lost mutation: You are agile. (Dex +2) [Jiyva's grace]
   612 | D        | Gained mutation: You have an increased reservoir of magic (+10% MP). [Jiyva's grace]
   614 | D        | Lost mutation: You have a small jelly attached to you that may absorb incoming projectiles. [Jiyva's grace]
   616 | D        | Lost mutation: You possess an exceptional clarity of mind. [Jiyva's grace]
   617 | D        | Entered arena 11.
   617 | D        | Noticed an iguana
   617 | D        | Noticed a komodo dragon
   617 | D        | Noticed a porcupine
   617 | D        | Noticed a basilisk
   617 | D        | Lost mutation: You have an increased reservoir of magic (+10% MP). [Jiyva's grace]
   618 | D        | Noticed a blink frog
   618 | D        | Noticed a six-headed hydra
   619 | D        | Noticed a yak
   620 | D        | a porcupine changed into a sky beast
   620 | D        | Gained mutation: Your spells are easier to cast, but less powerful. [Jiyva's grace]
   620 | D        | Lost mutation: Your system is resistant to poisons. [Jiyva's grace]
   622 | D        | Killed a basilisk
   622 | D        | Gained mutation: You have a small jelly attached to you that senses nearby items. [Jiyva's grace]
   622 | D        | Gained mutation: You can translocate small distances at will. [Jiyva's grace]
   623 | D        | Lost mutation: Your body is partially covered in golden eyeballs (Acc +3). [Jiyva's grace]
   630 | D        | Lost mutation: You tend to lose your temper in combat. [Jiyva's grace]
   631 | D        | Killed a komodo dragon
   632 | D        | Lost mutation: Your rubbery body absorbs attacks (AC +1). [Jiyva's grace]
   632 | D        | Lost mutation: You have a small jelly attached to you that senses nearby items. [Jiyva's grace]
   632 | D        | Lost mutation: Your spells are easier to cast, but less powerful. [Jiyva's grace]
   633 | D        | Gained mutation: Armour fits poorly on your pseudopods. [Jiyva's grace]
   634 | D        | Killed an iguana
   636 | D        | Killed a blink frog
   637 | D        | Killed a yak
   653 | D        | Gained mutation: You are resistant to hostile enchantments. [Jiyva's grace]
   657 | D        | Entered arena 12.
   657 | D        | Noticed a crocodile
   657 | D        | Noticed an iguana
   657 | D        | Noticed a boulder beetle
   657 | D        | Noticed a wolf
   657 | D        | Noticed a crocodile
   658 | D        | Noticed a porcupine
   658 | D        | Noticed a water moccasin
   658 | D        | Noticed a crocodile
   658 | D        | Noticed a crocodile
   658 | D        | Noticed a water moccasin
   660 | D        | Killed a wolf
   661 | D        | a water moccasin changed into a wasp
   663 | D        | Killed a crocodile
   663 | D        | Lost mutation: Your spells are a little easier to cast, but a little less powerful. [Jiyva's grace]
   664 | D        | Killed a boulder beetle
   666 | D        | Killed a crocodile
   667 | D        | Killed a porcupine
   668 | D        | Killed an iguana
   668 | D        | Killed a crocodile
   669 | D        | Killed a crocodile
   669 | D        | Killed a water moccasin
   679 | D        | Got the cursed ring of Miracles {rElec rPois MR- Dex-4 Stlth+}
   682 | D        | Gained mutation: Armour fits poorly on your large pseudopods. [Jiyva's grace]
   690 | D        | Gained mutation: Your body is partially covered in golden eyeballs (Acc +3). [Jiyva's grace]
   692 | D        | Entered arena 13.
   693 | D        | Noticed a hippogriff
   693 | D        | Noticed a wyvern
   693 | D        | Noticed a crocodile
   693 | D        | Noticed a six-headed hydra
   693 | D        | Noticed a crocodile
   694 | D        | Noticed a fire drake
   694 | D        | Noticed a crocodile
   694 | D        | Noticed an eight-headed hydra
   694 | D        | Noticed a crocodile
   694 | D        | Noticed a giant frog
   694 | D        | Noticed a porcupine
   695 | D        | Lost mutation: You can translocate small distances at will. [Jiyva's grace]
   698 | D        | Killed a wyvern
   700 | D        | Killed a fire drake
   700 | D        | Killed a six-headed hydra
   700 | D        | Reached skill level 13 in Fighting
   700 | D        | Gained mutation: You have large cloven feet. [demonic ancestry]
   700 | D        | Reached XP level 11. HP: 57/98 MP: 11/11
   701 | D        | Killed a crocodile
   703 | D        | Killed a hippogriff
   704 | D        | Killed a giant frog
   705 | D        | Killed a crocodile
   707 | D        | Gained mutation: You are somewhat resistant to further mutation. [Jiyva's grace]
   709 | D        | Killed a porcupine
   710 | D        | Killed a crocodile
   711 | D        | Killed a crocodile
   715 | D        | Lost mutation: Armour fits poorly on your large pseudopods. [Jiyva's grace]
   718 | D        | Killed a 11-headed hydra
   724 | D        | Got the amulet of Itis {rCorr rC- Dex+6}
   728 | D        | Gained mutation: Armour fits poorly on your strangely shaped body. [Jiyva's grace]
   741 | D        | Gained mutation: You possess an exceptional clarity of mind. [Jiyva's grace]
   743 | D        | Entered arena 14.
   744 | D        | Noticed a hellion
   744 | D        | Noticed Uttebroz the pandemonium lord
   744 | D        | Noticed a rust devil
   744 | D        | Noticed a gelid chaos champion
   744 | D        | Noticed a soul eater
   744 | D        | Noticed a demonic crawler
   744 | D        | Gained mutation: Your skin is mostly translucent (Stealth, -foe acc). [Jiyva's grace]
   745 | D        | Noticed a rust devil
   745 | D        | Noticed a cacodemon
   745 | D        | Noticed Bailot the pandemonium lord
   745 | D        | Noticed Qyeghycza the pandemonium lord
   745 | D        | Noticed a blue devil
   745 | D        | Noticed a red devil
   745 | D        | Noticed a gelid demonspawn
   745 | D        | Gained mutation: Your muscles are strong. (Str +2) [Jiyva's grace]
   747 | D        | Lost mutation: Your flesh is very cold resistant. [Jiyva's grace]
   751 | D        | Gained mutation: You are agile. (Dex +2) [Jiyva's grace]
   752 | D        | Mangled by Qyeghycza the pandemonium lord

Vault maps used:
D:        sprint_v

Action                   |  1- 3 |  4- 6 |  7- 9 | 10-12 || total
-------------------------+-------+-------+-------+-------++-------
Melee: Triple sword      |     6 |    16 |    39 |    65 ||   126
Invok: Request Jelly     |     1 |     3 |     3 |     2 ||     9
       Cure Bad Mutation |       |       |     2 |       ||     2
 Abil: Breathe Fire      |       |       |     1 |       ||     1
  Use: Potion            |       |       |     1 |     1 ||     2
 Stab: Confused          |       |       |     1 |       ||     1
